 Dungeon Crawl Stone Soup version 0.27-a0-328-g7f782ed93a (webtiles) character file.

Game seed: 333021814949086756

2435 gruber the Magician (level 9, 0/70 HPs)
             Began as a Gnoll Warper on Feb 12, 2021.
             Was an Initiate of Gozag.
             Slain by Harold
             ... wielding a +0 dire flail
              (11 damage)
             ... on level 7 of the Dungeon.
             The game lasted 00:11:10 (9637 turns).

gruber the Magician (Gnoll Warper)                  Turns: 9637, Time: 00:11:11

Health: 0/70       AC: 12    Str: 17    XL:     9   Next: 49%
Magic:  19/19      EV: 14    Int: 15    God:    Gozag
Gold:   400        SH:  5    Dex: 12    Spells: 15/21 levels left

rFire    . . .     SeeInvis .   q - +0 hand axe (venom)
rCold    . . .     Faith    .   (no shield)
rNeg     . . .     Spirit   .   s - +0 leather armour {Will+}
rPois    .         Reflect  +   t - +2 helmet
rElec    .         Harm     .   (no cloak)
rCorr    .         Rampage  .   (no gloves)
Will     +....                  n - +0 pair of boots
Stlth    ++........             b - amulet of reflection
HPRegen  0.21/turn              w - +4 ring of protection
MPRegen  0.16/turn              K - +6 ring of strength

@: marked, hasted, very quick
A: distributed training, fangs 1, strong nose
a: Renounce Religion, Potion Petition, Call Merchant, Bribe Branch


You were on level 7 of the Dungeon.
You worshipped Gozag.
Gozag was aware of your devotion.
You visited 2 branches of the dungeon, and saw 9 of its levels.

You collected 970 gold pieces.
You spent 189 gold pieces at shops.
You paid 381 gold pieces to Gozag.

Inventory:

Hand Weapons
 a - a +0 mace
 q - a +0 hand axe of venom (weapon)
 J - a +3 long sword
Missiles
 e - 5 boomerangs of dispersal
 p - 41 poisoned darts
 A - 9 boomerangs
Armour
 n - a +0 pair of boots (worn)
 s - a +0 leather armour of willpower (worn)
 t - a +2 helmet (worn)
Jewellery
 b - an amulet of reflection (around neck)
 w - a +4 ring of protection (left hand)
 C - a ring of ice
 K - a +6 ring of strength (right hand)
Wands
 v - a wand of flame (23)
 D - a wand of polymorph (3)
 F - a wand of random effects (9)
Scrolls
 c - 7 scrolls of identify
 d - 2 scrolls of blinking
 h - 3 scrolls of magic mapping {unknown}
 l - a scroll of enchant armour {unknown}
 r - 3 scrolls of teleportation
 u - a scroll of random uselessness {unknown}
 y - 2 scrolls of noise {unknown}
 E - 2 scrolls of fog
 G - a scroll of holy word {unknown}
 H - 2 scrolls of enchant weapon
 I - a scroll of immolation {unknown}
 L - a scroll of torment {unknown}
Potions
 f - 2 potions of resistance {unknown}
 i - a potion of magic {unknown}
 j - a potion of cancellation {unknown}
 k - 2 potions of ambrosia {unknown}
 m - 4 potions of brilliance {unknown}
 o - 3 potions of attraction {unknown}
 x - 4 potions of might
 z - a potion of berserk rage {unknown}
 B - a potion of lignification {unknown}


   Skills:
 + Level 6.3 Fighting
 + Level 4.3 Short Blades
 + Level 4.3 Long Blades
 + Level 4.3 Axes
 + Level 6.3 Maces & Flails
 + Level 4.3 Polearms
 + Level 4.3 Staves
 + Level 4.3 Slings
 + Level 4.3 Bows
 + Level 4.3 Crossbows
 + Level 5.1 Throwing
 + Level 5.1 Armour
 + Level 6.3 Dodging
 + Level 4.3 Stealth
 + Level 4.3 Shields
 + Level 4.3 Unarmed Combat
 + Level 6.6 Spellcasting
 + Level 3.5 Conjurations
 + Level 3.5 Hexes
 + Level 3.5 Summonings
 + Level 3.5 Necromancy
 + Level 6.6 Translocations
 + Level 3.5 Transmutations
 + Level 3.5 Fire Magic
 + Level 3.5 Ice Magic
 + Level 3.5 Air Magic
 + Level 3.5 Earth Magic
 + Level 3.5 Poison Magic
 + Level 4.7 Invocations
 + Level 4.3 Evocations


You had 15 spell levels left.
You knew the following spells:

 Your Spells              Type           Power        Failure   Level
a - Blink                 Tloc           N/A          1%          2
b - Magic Dart            Conj           60%          3%          1
c - Mephitic Cloud        Conj/Pois/Air  15%          12%         3

Your spell library contained the following spells:

 Spells                   Type           Power        Failure   Level
 Gell's Gravitas          Tloc           12%          3%          3
 Lesser Beckoning         Tloc           12%          3%          3
 Teleport Other           Tloc           24%          3%          3
 Call Imp                 Summ           15%          6%          2
 Slow                     Hex            15%          6%          2
 Passage of Golubria      Tloc           N/A          11%         4
 Confusing Touch          Hex            15%          12%         3
 Conjure Flame            Conj/Fire      15%          12%         3
 Petrify                  Tmut/Erth      15%          36%         4
 Metabolic Englaciation   Hex/Ice        7%           71%         5
 Yara's Violent Unravell  Hex/Tmut       7%           71%         5


Dungeon Overview and Level Annotations

Branches:
Dungeon (8/15)             Temple (1/1) D:4
   Lair: D:8-11

Altars:
Ashenzari
Cheibriados
Dithmenos
Elyvilon
Fedhas
Gozag
Hepliaklqana
Kikubaaqudgha
Makhleb
Nemelex Xobeh
Okawaru
Qazlal
Ru
Sif Muna
Uskayaw
Vehumet
Wu Jian
Xom
Yredelemnul
Zin
The Shining One

Shops:
D:6 !   D:7 ?

Annotations:
D:7 Harold
D:8 Grum


Innate Abilities, Weirdness & Mutations

Your experience applies equally to all skills.
You have very sharp teeth.
Your uncanny sense of smell can sniff out nearby items.


Message History

Unknown command.
Harold points at you and mumbles some strange words.
A sentinel's mark forms upon you.
There is an open door here.
Harold zaps a wand.
The mass of ice explodes!
The iceblast engulfs you but does no damage.
There is an open door here.
Harold zaps a wand.
The mass of ice explodes!
The iceblast engulfs you.
* * * LOW HITPOINT WARNING * * *
Okay, then. [a] - 280 gold - haste [b] - 837 gold - curing, magic, haste and resistance [c] - 280 gold - haste Purchase which effect?
You don't have enough gold for that! [a] - 280 gold - haste [b] - 837 gold - curing, magic, haste and resistance [c] - 280 gold - haste Purchase which effect?
You feel yourself speed up.
You feel better. Harold closely misses you.
You hit Harold.
Harold looks as sick as possible!
You bite Harold, but do no damage.
Harold is heavily wounded.
You slash Harold!
Harold looks as sick as possible!
You bite Harold.
Harold is severely wounded.
Harold hits you with a +0 dire flail.
* * * LOW HITPOINT WARNING * * *
You barely miss Harold.
Harold is severely wounded.
You slash Harold!
Harold looks as sick as possible!
Harold is almost dead.
Harold gestures at you while chanting.
You barely resist. You hit Harold.
Harold is almost dead.
Harold hits you with a +0 dire flail!
You die...
Your body crumbles into a pile of gold.

.....#......####### ##..#....
.....#......#.....# #...#....
.....#......'.....# #...#....
.....#......#@....########..#....
.....#......####'###....###'#....
.....'......#.....##........#....
..<..#......#.....#.........'....
.....#.....>#...@.#.....##..#....
.....#......#...@.#.....#####....
.....#......#.....#......# #....
.....#>.....#.....##>...## #....
.....#......#.....####### #....
######).....#......# #####
#......#......# #......#......#
#......######## ########


You could see Harold (extremely poisoned).

Vanquished Creatures
  Menkaure (D:7)
  A sky beast (D:5)
  A necrophage (D:7)
  2 ogres
  3 wolves (D:7)
  2 centaurs
  3 bullfrogs
  A phantom (D:8)
  5 killer bees (D:7)
  5 wights
  A bullfrog zombie (D:7)
  3 hounds
  A bullfrog skeleton (D:4)
  A gnoll shaman (D:4)
  An iguana (D:5)
  2 orc wizards (D:6)
  9 worker ants
  Natasha (thrice) (D:3)
  A hound zombie (D:7)
  10 gnolls
  A howler monkey skeleton (D:5)
  7 adders
  A shadow imp (D:5)
  3 white imps
  2 ufetubi
  2 oozes
  An adder skeleton (D:5)
  A worm (D:3)
  2 dart slugs (D:1)
  7 leopard geckos
  15 orcs
  3 bats
  7 giant cockroaches
  8 goblins
  9 hobgoblins
  3 jackals
  7 kobolds
  2 quokkas
  A ball python (D:1)
  5 frilled lizards
  A giant cockroach zombie (D:6)
  2 leopard gecko skeletons
  A quokka skeleton (D:7)
  A quokka zombie (D:5)
  4 rats
152 creatures vanquished.

Notes
Turn   | Place    | Note
-------+----------+-------------------------------------------
     0 | D:1      | gruber the Gnoll Warper began the quest for the Orb.
     0 | D:1      | Reached XP level 1. HP: 20/20 MP: 6/6
   171 | D:1      | Reached XP level 2. HP: 23/26 MP: 7/7
   174 | D:1      | Learned a level 2 spell: Blink
   312 | D:1      | Found a sparkling altar of Nemelex Xobeh.
   855 | D:1      | Reached XP level 3. HP: 31/31 MP: 9/9
  1018 | D:1      | Reached skill level 5 in Spellcasting
  1189 | D:2      | Found a faded altar of an unknown god.
  1443 | D:2      | Reached skill level 1 in Invocations
  1603 | D:2      | Reached skill level 1 in Short Blades
  1603 | D:2      | Reached skill level 1 in Long Blades
  1603 | D:2      | Reached skill level 1 in Axes
  1603 | D:2      | Reached skill level 1 in Polearms
  1603 | D:2      | Reached skill level 1 in Staves
  1603 | D:2      | Reached skill level 1 in Slings
  1603 | D:2      | Reached skill level 1 in Bows
  1603 | D:2      | Reached skill level 1 in Crossbows
  1603 | D:2      | Reached skill level 1 in Stealth
  1603 | D:2      | Reached skill level 1 in Shields
  1603 | D:2      | Reached skill level 1 in Unarmed Combat
  1603 | D:2      | Reached skill level 1 in Evocations
  2021 | D:2      | Reached XP level 4. HP: 27/38 MP: 11/11
  2524 | D:3      | Found a glowing silver altar of Zin.
  2594 | D:3      | Found an ornate altar of the Wu Jian Council.
  2654 | D:3      | Reached skill level 1 in Conjurations
  2654 | D:3      | Reached skill level 1 in Hexes
  2654 | D:3      | Reached skill level 1 in Summonings
  2654 | D:3      | Reached skill level 1 in Necromancy
  2654 | D:3      | Reached skill level 1 in Transmutations
  2654 | D:3      | Reached skill level 1 in Fire Magic
  2654 | D:3      | Reached skill level 1 in Ice Magic
  2654 | D:3      | Reached skill level 1 in Air Magic
  2654 | D:3      | Reached skill level 1 in Earth Magic
  2654 | D:3      | Reached skill level 1 in Poison Magic
  3259 | D:3      | Reached XP level 5. HP: 21/43 MP: 12/12
  3476 | D:3      | Found a shimmering altar of Xom.
  3914 | D:4      | Noticed Natasha
  3931 | D:3      | Killed Natasha
  4204 | D:3      | Noticed Natasha
  4217 | D:3      | Killed Natasha
  4280 | D:3      | Noticed Natasha
  4287 | D:3      | Killed Natasha
  4288 | D:3      | Reached XP level 6. HP: 50/50 MP: 13/13
  4441 | D:4      | Reached skill level 5 in Fighting
  4441 | D:4      | Reached skill level 5 in Maces & Flails
  4441 | D:4      | Reached skill level 5 in Dodging
  4593 | D:4      | Learned a level 1 spell: Magic Dart
  4597 | D:4      | Learned a level 3 spell: Mephitic Cloud
  4641 | D:4      | Reached XP level 7. HP: 51/56 MP: 12/15
  4982 | D:4      | Found a staircase to the Ecumenical Temple.
  5085 | Temple   | Entered the Ecumenical Temple
  5212 | D:5      | Entered Level 5 of the Dungeon
  5357 | D:5      | Found an opulent altar of Gozag.
  5384 | D:5      | Became a worshipper of Gozag Ym Sagoz the Greedy
  5928 | D:5      | Found a stormy altar of Qazlal.
  5942 | D:5      | Reached XP level 8. HP: 63/63 MP: 16/16
  6755 | D:6      | Found Nucedgho's Distillery.
  6763 | D:6      | Bought a potion of degeneration for 15 gold pieces
  7372 | D:7      | Noticed Menkaure
  7382 | D:7      | Killed Menkaure
  7642 | D:7      | Found Topifuw's Magic Scroll Boutique.
  7657 | D:7      | Bought a scroll of identify for 24 gold pieces
  7657 | D:7      | Bought a scroll of enchant weapon for 90 gold pieces
  7657 | D:7      | Bought a scroll of teleportation for 36 gold pieces
  7657 | D:7      | Bought a scroll of fog for 24 gold pieces
  7890 | D:7      | Reached XP level 9. HP: 61/69 MP: 18/18
  9035 | D:8      | Reached skill level 5 in Throwing
  9035 | D:8      | Reached skill level 5 in Armour
  9115 | D:8      | Noticed Harold
  9133 | D:8      | Noticed Grum
  9616 | D:7      | HP: 3/70 [Harold/iceblast (15)]
  9637 | D:7      | Slain by Harold

Illustrated notes

Levels and vault maps discovered:
D:1:      minmay_arrival_doors, layout_basic, nemelex_diamond_rough_becter
D:2:      layout_basic, chequers_ecumenical_altar_simple
D:3:      minmay_inner_zag, layout_loops_ring, general_overflow_altar,
          zin_treasury, nicolae_overflow_crystal_walls
D:4:      layout_cave_pools, minmay_temple_entry_enclosed_plants, uniq_natasha
D:5:      layout_rooms, overflow_temple_1_default, grunt_qazlal_clouds
D:6:      layout_basic, serial_shops, nicolae_shop_trees
D:7:      layout_gridville, serial_shops, shop_coins, uniq_menkaure
D:8:      layout_layer_cave, uniq_harold, uniq_erica, uniq_grum
Temple:   compressed_dpeg_circular_temple

Skill      XL: |  1  2  3  4  5  6  7  8  9 |
---------------+----------------------------+-----
Spellcasting   | 5 6 |  6.6
Invocations    | 1 2 3 4 |  4.7
Short Blades   | 1 2 3 4 |  4.3
Long Blades    | 1 2 3 4 |  4.3
Axes           | 1 2 3 4 |  4.3
Polearms       | 1 2 3 4 |  4.3
Staves         | 1 2 3 4 |  4.3
Slings         | 1 2 3 4 |  4.3
Bows           | 1 2 3 4 |  4.3
Crossbows      | 1 2 3 4 |  4.3
Stealth        | 1 2 3 4 |  4.3
Shields        | 1 2 3 4 |  4.3
Unarmed Combat | 1 2 3 4 |  4.3
Evocations     | 1 2 3 4 |  4.3
Conjurations   | 1 2 3 |  3.5
Hexes          | 1 2 3 |  3.5
Summonings     | 1 2 3 |  3.5
Necromancy     | 1 2 3 |  3.5
Transmutations | 1 2 3 |  3.5
Fire Magic     | 1 2 3 |  3.5
Ice Magic      | 1 2 3 |  3.5
Air Magic      | 1 2 3 |  3.5
Earth Magic    | 1 2 3 |  3.5
Poison Magic   | 1 2 3 |  3.5
Throwing       | 3 4 5 |  5.1
Armour         | 3 4 5 |  5.1
Fighting       | 5 6 |  6.3
Maces & Flails | 5 6 |  6.3
Dodging        | 5 6 |  6.3
Translocations | 6 |  6.6

Action                   |  1- 3 |  4- 6 |  7- 9 || total
-------------------------+-------+-------+-------++-------
Melee: Mace              |   125 |    37 |    29 ||   191
       Bite              |     7 |    19 |    35 ||    61
       Hand axe          |       |   154 |   207 ||   361
       Punch             |       |     2 |     8 ||    10
       Long sword        |       |       |   108 ||   108
Throw: Dart              |       |       |     2 ||     2
 Cast: Magic Dart        |       |     3 |       ||     3
Invok: Potion Petition   |       |       |     1 ||     1
Evoke: Wand              |       |       |     2 ||     2
  Use: Potion            |     1 |       |     3 ||     4
 Stab: Sleeping          |       |     1 |     2 ||     3
       Distracted        |       |       |     1 ||     1
Armor: Leather armour    |    13 |    42 |   139 ||   194
Dodge: Dodged            |    97 |   149 |   347 ||   593
Block: Other             |       |       |    65 ||    65
       Rpst.: Long sword |       |       |    40 ||    40

Table legend: (Time is in decaauts)
 A = Elapsed time spent in this place.
 B = Non-inter-level travel time spent in this place.
 C = Inter-level travel time spent in this place.
 D = Time resting spent in this place.
 E = Time spent auto-exploring this place.
 F = Levels seen in this place.
 G = Mean time per level.
                   A        B        C        D        E       F      G
               +--------+--------+--------+--------+--------+-----+--------+
         Total |   9754 |   9424 |    330 |    988 |   6816 |   9 | 1083.8 |
       Dungeon |   9636 |   9321 |    315 |    988 |   6751 |   8 | 1204.5 |
        Temple |    117 |    103 |     14 |      0 |     65 |   1 |  117.0 |
               +--------+--------+--------+--------+--------+-----+--------+

Top non-repeatable levels by time:
     D:3: 1918 daAuts
     D:7: 1894 daAuts
     D:1: 1281 daAuts
     D:5: 1186 daAuts
     D:2: 1141 daAuts
     D:6: 1046 daAuts
     D:4: 817 daAuts
     D:8: 351 daAuts
  Temple: 117 daAuts
